Cogmind - Beta 10.2 @@@ ROGUE MODE // 2021.01.15 @ 21:24:03 Player: Demise Result: Destroyed by YI-UF0 with YI-UF0's Doublenader Performance ------------- Evolutions (0) 0 Regions Visited (2) 400 Robots Destroyed (44) 220 Value Destroyed (916) 916 Prototype IDs (0) 0 Alien Tech Used (0) 0 Bonus (0) 0 TOTAL SCORE: 1536 Bonus ------- None Cogmind --------- Core Integrity 0/250 Matter 300/300 Energy 100/100 System Corruption 0% Temperature Cool (0) Movement Treading (200) Ox2 Location -10/Mines Parts ------- > --- POWER (1) -------- (None) > --- PROPULSION (2) --- Light Treads > --- UTILITY (2) ------ Large Storage Unit High-capacity Storage Unit > --- WEAPON (2) ------- Assault Rifle > --- INVENTORY (18) --- Deuterium Engine Improved Signal Interpreter Advanced Targeting Computer Recoil Stabilizer Improved Utility Shielding Light Armor Plating Assault Rifle Heavy Assault Rifle Heavy Assault Rifle Heavy Assault Rifle Heavy Assault Rifle Grenade Launcher Datajack Heavy Explosive Trap Heavy Explosive Trap Heavy Explosive Trap Heavy Explosive Trap Heavy Explosive Trap Peak State ------------ > --- POWER ------------ Light Nuclear Core > --- PROPULSION ------- Light Treads Light Treads > --- UTILITY ---------- Large Storage Unit High-capacity Storage Unit > --- WEAPON ----------- Assault Rifle Light Assault Rifle > --- INVENTORY -------- Deuterium Engine Improved Signal Interpreter Advanced Targeting Computer Recoil Stabilizer Improved Utility Shielding Assault Rifle Assault Rifle Heavy Assault Rifle Heavy Assault Rifle Heavy Assault Rifle Heavy Assault Rifle Grenade Launcher Datajack Heavy Explosive Trap Heavy Explosive Trap Heavy Explosive Trap Heavy Explosive Trap [Rating: 13] Favorites ----------- Power Ion Engine Engine Ion Engine Power Core Light Nuclear Core Propulsion Light Treads Treads Light Treads Leg Improved Aluminum Leg Utility Large Storage Unit Device Cooling System Storage Large Storage Unit Processor Signal Interpreter Weapon Assault Rifle Energy Gun Small Laser Ballistic Gun Assault Rifle Launcher Grenade Launcher Special Weapon Mining Laser Build | -11 -10 -10 ------- Run | Scr Mat Min Slots Evolved . | . . . Power . | . . . Propulsion . | . . . Utility . | . . . Weapon . | . . . Parts Attached 49 | 5 36 8 Power 4 | . 3 1 Engine 3 | . 3 . Core 1 | . . 1 Reactor . | . . . Propulsion 8 | 2 6 . Treads 6 | 2 4 . Leg 2 | . 2 . Wheel . | . . . Hover . | . . . Flight . | . . . Utility 9 | 1 7 1 Device 1 | . 1 . Storage 6 | 1 4 1 Processor 2 | . 2 . Hackware . | . . . Protection . | . . . Artifact . | . . . Weapon 28 | 2 20 6 Energy Gun 1 | 1 . . Energy Cannon . | . . . Ballistic Gun 18 | 1 13 4 Ballistic Cannon . | . . . Launcher 2 | . 1 1 Special Weapon 7 | . 6 1 Impact Weapon . | . . . Slashing Weapon . | . . . Piercing Weapon . | . . . Special Melee Weapon . | . . . Unidentified Prototypes . | . . . Parts Lost 4 | . . 4 Power 1 | . . 1 Propulsion 1 | . . 1 Utility . | . . . Weapon 2 | . . 2 Highest Loss Streak 3 | . . 3 Average Slot Usage (%) 98 | . 97 99 Engine 9 | . 12 1 Core 3 | . . 12 Treads 21 | . 18 28 Leg 6 | . 9 . Storage 27 | . 26 28 Ballistic Gun 26 | . 25 27 Special Weapon 1 | . 1 . Naked Turns . | . . . Heaviest Build 57 | 7 33 57 Greatest Support 40 | 3 40 40 Greatest Overweight (x) 2 | 2 2 2 Average Overweight (x) . | . . . Largest Inventory Capacity 18 | 6 14 18 Average Capacity 12 | 4 12 15 Most Carried 18 | 5 14 18 Average Carried 12 | 3 11 14 Final Capacity 18 | 6 14 18 Final Carried 18 | 5 14 18 Class Distribution -------------------- 75% | Mutant 24% | Scavenger-Mutant Dominant Class ---------------- Mutant | -10/Materials Scavenger-Mutant | -10/Mines Resources | -11 -10 -10 ----------- Run | Scr Mat Min Matter Collected 1344 | 265 933 146 Remotely . | . . . Salvage Created 1253 | 124 1007 122 Parts 92 | 7 77 8 Haulers Intercepted 2 | . 2 . Recyclers Shooed 1 | . 1 . Parts Field Recycled . | . . . Retrieved Matter . | . . . Parts Self-Destructed . | . . . Prevented . | . . . Kills | -11 -10 -10 ------- Run | Scr Mat Min Combat Hostiles Destroyed 29 | . 21 8 Guns 23 | . 18 5 AOE 6 | . 3 3 Classes Destroyed 11 | 2 7 2 Worker 1 | . 1 . Builder 3 | . 3 . Tunneler 3 | 2 1 . Hauler 2 | . 2 . Recycler 2 | 1 1 . Operator 3 | . 3 . Watcher 3 | . 3 . Swarmer 9 | . 6 3 Grunt 17 | . 15 2 Demolisher 1 | . . 1 Assembled 2 | . . 2 Best Kill Streak 4 | 2 4 3 Combat Bots Only 3 | . 3 3 Max Kills in Single Turn 3 | 1 3 1 Gunslinging . | . . . Exploded 2 | . 2 1 Melee . | . . . Uniques/NPCs Destroyed . | . . . Combat | -11 -10 -10 -------- Run | Scr Mat Min Damage Taken 1388 | . 695 693 Core 254 | . 177 77 Absorbed by Shields . | . . . Core Remaining (%) 100 | 100 . . Volleys Fired 141 | 5 114 22 Largest 2 | 2 2 2 Hottest 100 | 60 100 100 Shots Fired 256 | 10 214 32 Gun 238 | 10 200 28 Cannon . | . . . Launcher 5 | . 2 3 Special 13 | . 12 1 Kinetic 233 | 5 200 28 Thermal 18 | 5 12 1 Explosive 5 | . 2 3 Electromagnetic . | . . . Robot Hit Streak 14 | 3 14 12 Robot Miss Streak 7 | 3 7 2 Penetration Max . | . . . Secondary Targets 2 | . 2 . Max Gunslinging Chain 1 | . 1 . Shots Hit Robots 144 | 5 117 22 Core Hits 70 | 4 50 16 Critical Hits 3 | . 3 . Critical Kills 1 | . 1 . Critical Parts Destroyed 2 | . 2 . Melee Attacks . | . . . Impact . | . . . Slashing . | . . . Piercing . | . . . Sneak Attacks . | . . . Combat Hostiles . | . . . Follow-up Attacks . | . . . Damage Inflicted 2131 | 43 1701 387 Guns 1741 | 43 1486 212 Cannons . | . . . Explosions 384 | . 213 171 Melee . | . . . Ramming 6 | . 2 4 Kinetic 1730 | 32 1486 212 Thermal 11 | 11 . . Explosive 384 | . 213 171 Electromagnetic . | . . . Impact . | . . . Slashing . | . . . Piercing . | . . . Highest Corruption . | . . . Average Corruption . | . . . Corruption Purged . | . . . Overload Shots . | . . . Overflow Damage 8 | . 8 . Projectiles . | . . . Explosions 8 | . 8 . Melee . | . . . Knockbacks . | . . . Impact . | . . . Kinetic . | . . . Secondary . | . . . Self-Inflicted Damage 9 | . 6 3 Shots 2 | . 1 1 Rammed 3 | . 2 1 Targets Rammed 3 | . 2 1 Kicked . | . . . Crushed . | . . . Highest Temperature 60 | . 60 22 Average Temperature 15 | . 17 7 Received Heat Transfer 377 | . 312 65 Siege Activations . | . . . Robots Corrupted . | . . . Combat Hostiles . | . . . Parts Fried . | . . . Impact Corruptions . | . . . Robots Melted . | . . . Combat Hostiles . | . . . Parts Melted . | . . . Heat Transferred 25 | 25 . . Parts Sabotaged . | . . . Parts Stolen . | . . . Parts Stripped . | . . . Power Chain Reactions . | . . . Missiles Intercepted . | . . . Alert | -11 -10 -10 ------- Run | Scr Mat Min Peak Influence 349 | 15 349 280 Initial 120 | . 9 120 Average 174 | 6 194 136 Maximum Alert Level 1 | . 1 1 Low Security (%) 52 | 100 39 82 Level 1 47 | . 60 17 Level 2 . | . . . Level 3 . | . . . Level 4 . | . . . Level 5 . | . . . High Security . | . . . Max Security . | . . . Squads Dispatched 6 | . 6 . Investigation 3 | . 3 . Extermination . | . . . Reinforcement 3 | . 3 . Assault . | . . . Garrison . | . . . Intercept . | . . . Construction Impeded . | . . . Haulers Reinforced . | . . . Stealth | -11 -10 -10 --------- Run | Scr Mat Min Distress Signals 3 | . 3 . Communications Jammed . | . . . Distress Signals . | . . . Times Spotted 66 | . 51 15 Peak Tracking Total 5 | . 5 4 Tactical Retreats 2 | . 2 . Traps | -11 -10 -10 ------- Run | Scr Mat Min Traps Triggered 1 | . 1 . Indirectly . | . . . Trap Hack Attempts . | . . . Triggered . | . . . Disarmed . | . . . Reprogrammed . | . . . Reused . | . . . Traps Extracted . | . . . Installed . | . . . Triggered . | . . . Machines | -11 -10 -10 ---------- Run | Scr Mat Min Machines Disabled 3 | . 1 2 Max in Single Turn 2 | . 1 2 Machines Sabotaged . | . . . Garrisons Compromised . | . . . Overloaded Fab Kills . | . . . Fab Network Shutdowns . | . . . Hacking | -11 -10 -10 --------- Run | Scr Mat Min Machines Accessed 9 | . 8 1 Terminals 5 | . 5 . Fabricators . | . . . Repair Stations 1 | . 1 . Recycling Units 2 | . 2 . Scanalyzers . | . . . Garrison Access . | . . . Total Hacks 30 | . 29 1 Successful 17 | . 16 1 Failed 13 | . 13 . Catastrophic . | . . . Database Lockouts . | . . . Manual 20 | . 20 . Terminals 21 | . 21 . Fabricators . | . . . Repair Stations 4 | . 4 . Recycling Units 4 | . 4 . Scanalyzers . | . . . Garrison Access . | . . . Terminal Hacks 7 | . 6 1 Robot Analysis 4 | . 4 . Open Door 1 | . . 1 Branch Access Points 1 | . 1 . Terminal Index 1 | . 1 . Fabricator Hacks . | . . . Repair Station Hacks 4 | . 4 . Scan Component 2 | . 2 . Repair 2 | . 2 . Recycling Unit Hacks 1 | . 1 . Retrieve Components 1 | . 1 . Scanalyzer . | . . . Garrison Access Hacks . | . . . Unauthorized Hacks 5 | . 5 . Terminals 4 | . 4 . Botnet 3 | . 3 . Operators 1 | . 1 . Fabricators . | . . . Repair Stations . | . . . Recycling Units 1 | . 1 . Reject 1 | . 1 . Scanalyzers . | . . . Garrison Access . | . . . Data Cores Recovered . | . . . Used . | . . . Hacking Detections 8 | . 8 . Full Trace Events 3 | . 3 . Feedback Events . | . . . Feedback Blocked . | . . . Robot Schematics Acquired . | . . . Robots Built . | . . . Matter . | . . . Time . | . . . Total Robot Build Rating . | . . . Part Schematics Acquired . | . . . Parts Built . | . . . Matter . | . . . Time . | . . . Total Part Build Rating . | . . . Parts Repaired 2 | . 2 . Time 52 | . 52 . Parts Recycled . | . . . Recycled Matter . | . . . Retrieved Matter . | . . . Retrieved Components . | . . . Parts Scanalyzed . | . . . Part Schematics Acquired . | . . . Parts Damaged . | . . . Bothacking | -11 -10 -10 ------------ Run | Scr Mat Min Used RIF Installer . | . . . Robots Hacked . | . . . Non-combat . | . . . Combat . | . . . Robot Hacks Applied . | . . . Relay Couplers Released . | . . . Robots Rewired . | . . . Allies Hacked . | . . . Hacks Repelled . | . . . Allies | -11 -10 -10 -------- Run | Scr Mat Min Total Allies 3 | . . 3 Largest Group 3 | . . 3 Highest-Rated Group 40 | . . 40 Highest-Rated Ally 16 | . . 16 Total Orders . | . . . Ally Attacks . | . . . Total Damage . | . . . Kills . | . . . Allies Corrupted . | . . . Allies Melted . | . . . Intel | -11 -10 -10 ------- Run | Scr Mat Min Robot Analysis Total 4 | . 4 . Derelict Logs Recovered . | . . . Drone Launches . | . . . Drone Recoveries . | . . . Exploration | -11 -10 -10 ------------- Run | Scr Mat Min Turns Passed 2826 | 58 1951 817 Spaces Moved 1315 | 35 857 423 Core 124 | 35 89 . Treads 948 | . 525 423 Legs 243 | . 243 . Wheels . | . . . Hover . | . . . Flight . | . . . Fastest Speed 50 | 50 150 160 Average Speed 157 | 81 156 167 Slowest Speed 200 | 150 160 200 Overloaded Moves . | . . . Propulsion Burnouts . | . . . Robots Hopped . | . . . Cave-ins Triggered . | . . . Exploration Rate (%) 58 | 2 97 75 Regions Visited 2 Branch Regions 1 Pre-discovered Areas . | . . . Known Exits Taken 1 | . 1 . Unknown Exits Taken 1 | 1 . . Scrap Searched . | . . . Spaces Dug 7 | . 6 1 Terrain Destroyed 34 | . 22 12 Melee . | . . . Projectile 10 | . 9 1 AOE 24 | . 13 11 Terrain Rammed . | . . . Walls Destroyed . | . . . Machines Disabled . | . . . Actions | -11 -10 -10 --------- Run | Scr Mat Min Total 1793 | 53 1235 505 Wait 218 | 3 183 32 Move 1313 | 34 856 423 Hop . | . . . Pick Up 38 | 6 22 10 Fast Attach 11 | 4 6 1 Attach 7 | 1 4 2 Detach 3 | . 2 1 Swap 31 | . 26 5 Drop 28 | . 20 8 Fire 141 | 5 114 22 Melee . | . . . Ram . | . . . Kick . | . . . Crush 3 | . 2 1 Escape Stasis . | . . . Rewire . | . . . Trap . | . . . Miscellaneous . | . . . Route ------- -11/Scrapyard -10/Materials (discovered 5 exits: *Mat x3 / *Min x2) -10/Mines (discovered 2 exits: *Mat x2) History --------- Turn | Location | Event 10 | -11/Scrapyard | Discovered new exit (range 16) 59 | -11/Scrapyard | Entered Materials 303 | -10/Materials | Discovered new exit (range 10) 318 | -10/Materials | Build established: Mutant 327 | -10/Materials | Identified exit to Materials 517 | -10/Materials | Discovered new exit (range 14) 602 | -10/Materials | Discovered exit to Materials (range 16) 854 | -10/Materials | Identified exit to Mines 895 | -10/Materials | Core integrity fell below 50% 927 | -10/Materials | Discovered exit to Materials (range 16) 1704 | -10/Materials | Repaired Assault Rifle 1731 | -10/Materials | Repaired Lgt. Treads 2010 | -10/Materials | Entered Mines 2011 | -10/Mines | Assembled infested the area 2016 | -10/Mines | Assisted by a Guerilla fighting off Assembled 2156 | -10/Mines | Met a Derelict who couldn't figure out how to use a Trap Extractor 2322 | -10/Mines | Build established: Scavenger-Mutant 2491 | -10/Mines | Found a hidden stash of uninstalled traps 2521 | -10/Mines | Core integrity fell below 20% 2522 | -10/Mines | Discovered exit to Materials (range 11) 2737 | -10/Mines | Assisted by bots powering up and referring to "LRC-V3" 2773 | -10/Mines | Discovered exit to Materials (range 14) 2827 | -10/Mines | Destroyed by YI-UF0 with YI-UF0's Doublenader Last Messages --------------- 02575_ K-01 Serf collects debris. 02608_ Acquired Heavy Explosive Trap. 02651_ Acquired 7 matter. 02691_ Dropped Lgt. Assault Rifle. 02692_ Acquired Lgt. Armor Plating. 02704_ Acquired 10 matter. 02737_ Trooper 1a: "Hello LRC-V3. What is your command?" 02737_ Mercenary 1a: "Hello LRC-V3. What is your command?" 02737_ Trooper 1b: "Hello LRC-V3. What is your command?" 02773_ EXIT=FOUND: MATERIALS 02809_ YI-UF0: "BAROOM!" 02809_ Mercenary 1a destroyed. 02812_ Trooper 1b destroyed. 02812_ Trooper 1a destroyed. 02814_ The unstable cave ceiling collapses. 02818_ YI-UF0 mumbles something. 02823_ The unstable cave ceiling collapses. 02823_ Lgt. Nuclear Core destroyed. 02825_ Lgt. Treads destroyed. 02825_ Assault Rifle destroyed. Map ----- +----------------------------------------------------+ | ?????????????# ????????## = #????????? | | ?????????????## #????????## ##????????? | | ???????????????? # ????????# ##?????????? | | ???????????????? #????????# ####???????? | | ?????????????????? #?????????# [ #???????? | | ?????????????????? ???????????# ## #???????? | | ?????????????????????????????????# ### #???????? | | ?????????????????????????????????# #?# #???????? | | ?????????????????????????????????## ##?#*#???????? | | ??????????????????????????????????##???#%#???????? | | ???????????? ??????????????????????????# #???????? | | ????????????# ?????????????????????????# #???????? | | ??????????? ##??????????????????????# #???????? | | ??????????? # ?????????????????????#%#???????? | | ??????????! ????????????????????# #???????# | | ??????????% * ########????????????# #???????# | | ?????????? = % ##########???# ###?????# | | ???????????# =| #???# #???### | | ?????????????# !% ?? #???### ##### | | ????????????## ##??# #?????# | | ???????????## = % #### ####### ##### | | ???????????# =%[ # ## #?# | | ???????? ! # ## #?# | | ???????? g # %* """ #?# | | ?????????# % # = """ #?# | | ????????? @ ##### """ #?# | | ?????????? = #??# #?# | | ?????????? # ## ! #??# #?# | | ?????????? # # ! #??##########?# | | ??????????? ?# ?# #?????????????### | | ??????????? ??###??# < ##???????????????? | | ????????????????# # * # #????????????????? | | ????????????????# ### # ########????????????????? | | ????????????????#??# # #????????????????????????? | | ?????????????????? ## ?????????????????????????? | | ?????????????????# ?? ?????????????????????????? | | ?????????????????##??# #?????????????????????????? | | | | | | | | | | | | | | | | | | | | | | | | | | | +----------------------------------------------------+ Best States ------------- Heat Dissipation 47 Energy Generation 14 Energy Capacity 250 Matter Stores 300 Matter Capacity 300 Sight Range 16 Terrain Scan Density 10 Evasion (%) 50 Recoil Reduction 2 Item Schematics ----------------- None Robot Schematics ------------------ None Fabricated ------------ Nothing Alien Tech Used ----------------- None Achievements -------------- None Challenges ------------ None Game ------ Seed AdvancedPrecisionBoosters Manual? 0 Play Time 00:21:39 Cumulative 209.7 hours Start 2021.01.15 @ 21:02:45 End 2021.01.15 @ 21:24:03 Sessions 1 Manual Loads 0 Difficulty Rogue Special Mode None Game No. 194 Rogue 194 Adventurer 0 Explorer 0 Win Type - Total 0 Types 0/0/0/0/0/0/0/0/0 Lore% 59 Gallery% 69 Achievement% 54 Wizard Run 0 Options --------- ASCII 0 Keyboard 1 Movement Numpad Keybinds 0 Fullscreen 1 Font 12/Terminus Map View 83x54 Tactical HUD 1 Map Filters NONE Filters NONE Steam 1 RUN: 4d811060-2ebc-4a41-a4ce-3209efeadb83